 Dungeon Crawl Stone Soup version 0.28-a0-883-gc8d7bad45d (webtiles) character file.

Game seed: 3487899116776563255

56 Twinkles the Ruffian (level 3, 0/28 HPs)
             Began as a Demigod Transmuter on Nov 22, 2021.
             Succumbed to an adder's poison
             ... on level 2 of the Dungeon.
             The game lasted 00:06:50 (1864 turns).

Twinkles the Ruffian (Demigod Transmuter)           Turns: 1864, Time: 00:06:50

Health: 0/28       AC:  7    Str: 15    XL:     3   Next: 47%
Magic:  17/17      EV: 10    Int: 15    God:
Gold:   82         SH:  0    Dex: 14    Spells: 5/6 levels left

rFire   . . .      SeeInvis .     - Unarmed
rCold   . . .      Faith    .   (no shield)
rNeg    . . .      Spirit   +   h - +0 scale mail
rPois   .          Reflect  .   (helmet currently unavailable)
rElec   .          Harm     .   (no cloak)
rCorr   .          Rampage  .   g - +0 pair of gloves
Will    .....                   (boots currently unavailable)
Stlth   ..........              f - amulet of guardian spirit
HPRegen 0.09/turn               d - ring of magical power
MPRegen 0.15/turn               (no ring)

@: lethally poisoned (0 -> -4), appendages (expiring), hasted, very quick
A: horns 2, talons 2, high mp 1, forlorn
a: End Transformation


You were on level 2 of the Dungeon.
You had temporarily grown beastly horns and talons.
You visited 1 branch of the dungeon, and saw 2 of its levels.

You collected 82 gold pieces.

Inventory:

Missiles
 i - 13 boomerangs
 s - 47 stones
Armour
 a - a +0 robe
 g - a +0 pair of gloves (worn)
 h - a +0 scale mail (worn)
Jewellery
 d - a ring of magical power (left hand)
 f - an amulet of guardian spirit (around neck)
Scrolls
 e - a scroll of teleportation {unknown}
 j - 2 scrolls of identify {unknown}
Potions
 b - a potion of cancellation {unknown}
 k - a potion of flight {unknown}
 Q - a potion of magic


   Skills:
 + Level 1.5 Fighting
 + Level 2.2 Dodging
 + Level 3.1 Unarmed Combat
 + Level 2.1 Spellcasting
 + Level 2.3 Transmutations


You had 5 spell levels left.
You knew the following spells:

 Your Spells              Type           Power      Damage    Failure   Level
a - Beastly Appendage     Tmut           16%        N/A       34%         1

Your spell library contained the following spells:

 Spells                   Type           Power      Damage    Failure   Level
 Wereblood                Tmut           8%         N/A       47%         2
 Spider Form              Tmut/Pois      5%         N/A       86%         3
 Ice Form                 Ice/Tmut       5%         N/A       99%         4


Dungeon Overview and Level Annotations

Branches:
Dungeon (2/15)


Innate Abilities, Weirdness & Mutations

You have temporarily grown beastly horns and talons.
Your attributes grow dramatically as you level up.
You have an increased reservoir of magic. (+10% MP)
You shall have no god before yourself.


Message History

You feel very sick. The adder bites you.
You barely miss the adder.
The adder is heavily wounded.
You feel sick. The adder bites you.
You are lethally poisoned!
The adder poisons you! The adder bites you but does no damage.
You hit the adder. Your kick misses the adder.
The adder is almost dead.
You feel very sick. The adder barely misses you.
You closely miss the adder. Your kick misses the adder.
Your headbutt misses the adder.
The adder is almost dead.
* * * LOW HITPOINT WARNING * * *
You feel very sick. The adder bites you.
* * * LOW HITPOINT WARNING * * *
You closely miss the adder. Your headbutt misses the adder.
The adder is almost dead.
* * * LOW HITPOINT WARNING * * *
You feel sick. The adder bites you but does no damage.
Your magical contamination has completely faded away.
You barely miss the adder. Your headbutt misses the adder.
The adder is almost dead.
* * * LOW HITPOINT WARNING * * *
You feel sick. The adder bites you but does no damage.
You miss the adder. You claw the adder.
You kill the adder!
* * * LOW HITPOINT WARNING * * *
You feel sick.
Okay, then.
Unknown command.
It was a potion of magic.
Magic courses through your body.
Q - a potion of magic
* * * LOW HITPOINT WARNING * * *
You feel sick.
It was a potion of haste.
You feel yourself speed up.
Your transformation is almost over.
You die...

###..#..###.##....##.........#
#.##...###......###...........
#.###.##....###...............
#.# #######.##..##.##.........
#.# #....###.##......... #.#
##.#### .. #.........
#.########..# ..# ##.......#
#......##...####.######.....##
##..(.....<#..@†...... ......
#.........##..######## ######
#............## #..........###
#.........## #.........#
##.......## #.........#
#.........#


There were no monsters in sight!

Vanquished Creatures
  3 adders
  5 ball pythons
  2 bats (D:1)
  3 endoplasms (D:1)
  2 goblins
  5 hobgoblins
  A jackal (D:2)
  A kobold (D:1)
  2 quokkas (D:1)
  A frilled lizard (D:1)
25 creatures vanquished.

Notes
Turn   | Place    | Note
-------+----------+-------------------------------------------
     0 | D:1      | Twinkles the Demigod Transmuter began the quest for the
                  | Orb.
     0 | D:1      | Reached XP level 1. HP: 15/15 MP: 5/5
    68 | D:1      | Reached skill level 1 in Fighting
   505 | D:1      | Reached XP level 2. HP: 21/23 MP: 7/7
  1190 | D:2      | Reached skill level 3 in Unarmed Combat
  1190 | D:2      | Reached XP level 3. HP: 10/28 MP: 8/8
  1192 | D:2      | HP: 8/28 [poisoned by an adder]
  1859 | D:2      | HP: 8/28 [poisoned by an adder]
  1862 | D:2      | HP: 2/28 [poisoned by an adder]
  1864 | D:2      | Succumbed to an adder's poison

Illustrated notes

Levels and vault maps discovered:
D:1:      wander_arrival_fairy_ring, layout_rooms
D:2:      minmay_alternating_diamond, layout_rooms,
          hellmonk_ecumenical_altar_heavens_door

Skill      XL: |  1  2 |
---------------+-------+-----
Fighting       | 1 |  1.5
Transmutations | 2 |  2.3
Dodging        | 2 |  2.2
Spellcasting   | 2 |  2.1
Unarmed Combat | 3 |  3.1

Action                   || total
-------------------------++-------
Melee: Unarmed           ||    93
       Kick              ||    16
       Headbutt          ||    11
 Cast: Beastly Appendage ||    24
  Use: Potion            ||     2
Armor: Robe              ||    11
       Scale mail        ||    17
Dodge: Dodged            ||    52

Table legend: (Time is in decaauts)
 A = Elapsed time spent in this place.
 B = Non-inter-level travel time spent in this place.
 C = Inter-level travel time spent in this place.
 D = Time resting spent in this place.
 E = Time spent auto-exploring this place.
 F = Levels seen in this place.
 G = Mean time per level.
                   A        B        C        D        E       F      G
               +--------+--------+--------+--------+--------+-----+--------+
         Total |   1863 |   1744 |    119 |    395 |   1003 |   2 |  931.5 |
       Dungeon |   1863 |   1744 |    119 |    395 |   1003 |   2 |  931.5 |
               +--------+--------+--------+--------+--------+-----+--------+

Top non-repeatable levels by time:
     D:1: 1399 daAuts
     D:2: 464 daAuts
